 Dungeon Crawl Stone Soup version 0.17.1-2-g5865329 (webtiles) character file.

83757 HEYYEYAAE the Destroyer (level 15, -30/121 HPs)
             Began as a Vine Stalker Conjurer on Jan 20, 2016.
             Was the Champion of Vehumet.
             Killed from afar by a thorn hunter (37 damage)
             ... with a volley of thorns
             ... on level 3 of the Swamp on Jan 22, 2016.
             The game lasted 01:46:49 (24913 turns).

HEYYEYAAE the Destroyer (Vine Stalker Conjurer)    Turns: 24913, Time: 01:46:49

Health: -30/121    AC: 38    Str: 11    XL:     15   Next: 78%
Magic:  0/32       EV:  2    Int: 20    God:    Vehumet [******]
Gold:   1481       SH: 15    Dex: 16    Spells: 9 memorised, 3 levels left

rFire  . . .     SeeInvis .     u - +4 long sword (protect)
rCold  . . .     Clarity  .     (armour currently unavailable)
rNeg   + + +     SustAt   .     y - +3 shield {AC+3}
rPois  +         Gourm    .     (helmet currently unavailable)
rElec  .         Spirit   +     (cloak currently unavailable)
rCorr  .         Warding  .     (gloves currently unavailable)
rMut   .         NoTele   +     (boots currently unavailable)
MR     +....                    (no amulet)
Stlth  +++.......               v - +3 ring of protection
                                J - +5 ring of evasion

@: tree-form, somewhat resistant to hostile enchantments, fairly stealthy
A: (fangs 0), regeneration 3, magic shield, (antimagic bite), no device heal 3,
rot immunity
a: Renounce Religion


You were on level 3 of the Swamp.
You worshipped Vehumet.
Vehumet was exalted by your worship.
You were not hungry.
You were a tree.
You visited 4 branches of the dungeon, and saw 25 of its levels.
You visited 1 bazaar.
You also visited: Ice Cave and Volcano.

You collected 1799 gold pieces.
You spent 318 gold pieces at shops.

Inventory:

Hand Weapons
 l - a +5 trident of venom
 u - a +4 long sword of protection (weapon)
Armour
 e - a +2 robe of resistance (melded)
 f - a +1 pair of gloves
 m - the +1 pair of gloves of Impermeability (melded) {*Corrode Str-5 Int+6 Dex+4}
   (You found it on level 2 of the Swamp)

   It affects your strength (-5).
   It affects your intelligence (+6).
   It affects your dexterity (+4).
   It may corrode your equipment when you take damage.
 q - a +0 cloak (melded)
 y - a +3 shield of protection (worn)
 E - a +0 pair of boots (melded)
 O - a +1 buckler of fire resistance
 U - a +0 helmet (melded)
 W - a swamp dragon hide
Magical Staves
 i - an uncursed staff of death
 t - an uncursed staff of wizardry
Jewellery
 n - an uncursed ring of fire
 p - a cursed ring of teleportation
 v - a +3 ring of protection (right branch)
 w - an uncursed ring of magical power {unknown}
 D - an uncursed ring of flight
 G - an uncursed ring of positive energy
 J - a +5 ring of evasion (left branch)
 S - an uncursed ring of see invisible
Wands
 o - a wand of draining (0)
 s - a wand of teleportation (2)
 z - a wand of cold (0)
 K - a wand of slowing (4)
 P - a wand of cold (0)
 Q - a wand of disintegration (0)
Scrolls
 a - 4 scrolls of noise
 k - 7 scrolls of amnesia
 C - 4 scrolls of recharging
 H - a scroll of holy word
 T - 3 scrolls of immolation
 X - 6 scrolls of remove curse
 Y - a scroll of magic mapping
Potions
 d - 3 potions of curing
 g - 2 potions of agility
 j - 6 potions of brilliance
 r - a potion of mutation
 x - 4 potions of flight
 A - 2 potions of ambrosia
 B - a potion of resistance
 F - a potion of lignification
 L - a potion of cure mutation {unknown}
 M - a potion of berserk rage {unknown}
 N - a potion of magic
Books
 b - a book of Conjurations

   Spells                             Type                      Level
   a - Magic Dart                     Conjuration                  1
   b - Searing Ray                    Conjuration                  2
   c - Dazzling Spray                 Conjuration/Hexes            3
   d - Fulminant Prism                Conjuration/Hexes            4
   e - Iskenderun's Mystic Blast      Conjuration                  4
   f - Iskenderun's Battlesphere      Conjuration/Charms           5
 I - a book of Annihilations

   Spells                             Type                      Level
   a - Poison Arrow                   Conjuration/Poison           6
   b - Chain Lightning                Conjuration/Air              8
   c - Lehudib's Crystal Spear        Conjuration/Earth            8
   d - Glaciate                       Conjuration/Ice              9
   e - Fire Storm                     Conjuration/Fire             9
 V - a book of Geomancy

   Spells                             Type                      Level
   a - Sandblast                      Earth                        1
   b - Stoneskin                      Transmutation/Earth          2
   c - Passwall                       Transmutation/Earth          3
   d - Stone Arrow                    Conjuration/Earth            3
   e - Petrify                        Transmutation/Earth          4
   f - Lee's Rapid Deconstruction     Earth                        5
Miscellaneous
 Z - a fan of gales (inert)
Comestibles
 c - 7 bread rations
 h - 8 meat rations


   Skills:
 - Level 10.6 Fighting
 - Level 6.5 Armour
 - Level 7.1 Dodging
 - Level 2.4 Stealth
 * Level 12.2 Shields
 + Level 12.0 Spellcasting
 + Level 12.5 Conjurations
 - Level 7.0 Evocations


You had 3 spell levels left.
You knew the following spells:

 Your Spells              Type           Power        Failure   Level  Hunger
a - Magic Dart            Conj           ####         1%          1    None
b - Dazzling Spray        Conj/Hex       #####...     1%          3    None
c - Iskenderun's Mystic   Conj           ######..     1%          4    #......
d - Mephitic Cloud        Conj/Pois/Air  ####....     1%          3    None
e - Iskenderun's Battles  Conj/Chrm      #####...     5%          5    ####...
f - Stone Arrow           Conj/Erth      #####.       1%          3    None
g - Orb of Destruction    Conj           ######....   11%         7    #######
h - Lightning Bolt        Conj/Air       #####.....   5%          5    ####...
i - Fulminant Prism       Conj/Hex       #####.....   2%          4    #......


Dungeon Overview and Level Annotations

Branches:
Dungeon (12/15)            Temple (0/1) D:7            Lair (8/8) D:10
  Swamp (4/4) Lair:5        Snake (0/4) Lair:3        Slime (0/6) Lair:6
    Orc (1/4) D:11

Altars:
Ashenzari
Elyvilon
Fedhas
Kikubaaqudgha
Makhleb
Qazlal
Trog
Vehumet
Jiyva

Shops:
D:8 *   Orc:1 !

Annotations:
D:9 Maud
D:12 Uhlv's ghost, journeyman MiBe
Orc:1 Snorg


Innate Abilities, Weirdness & Mutations

((You have razor-sharp teeth.))
You regenerate.
When hurt, damage is shared between your health and your magic reserves.
((Your bite disrupts and absorbs the magic of your enemies.))
Potions and wands cannot restore your health.
You are immune to rotting.


Message History

* * * LOW HITPOINT WARNING * * *
The thorn hunter misses you.
Unknown command.
Drink which item? (? for menu, Esc to quit)
You turn into a tree.
Your +0 cloak melds into your body.
Your +0 helmet melds into your body.
The +1 pair of gloves of Impermeability {*Corrode Str-5 Int+6 Dex+4} melds into your body.
Your +0 pair of boots melds into your body.
Your +2 robe of resistance melds into your body.
You feel hot and cold all over.
Your roots penetrate the ground.
The thorn hunter hits you.
* * * LOW HITPOINT WARNING * * *
The thorn hunter hits you but does no damage.
Unknown command.
You barely miss the thorn hunter.
The thorn hunter is almost destroyed.
The briar patch crumbles away.
The thorn hunter fires a volley of thorns at you.
The volley of thorns hits you!
You die...

♣...♣ ♣.≈≈ ♣...♣♣♣♣ ♣♣♣♣♣♣ ♣♣≈§≈
♣......♣♣ ♣♣≈...♣ ♣≈≈≈≈ ♣≈....≈.♣
♣.≈≈.≈♣ ♣≈≈≈≈ ♣♣≈.≈≈≈≈♣♣♣♣.≈.≈♣♣
♣♣... ♣..≈≈≈.≈...≈♣♣♣♣ ♣♣♣♣..
♣..≈≈≈≈....≈♣.♣♣♣♣ ♣♣♣♣♣ ♣≈♣♣♣♣
♣≈≈≈≈≈.♣♣≈♣♣♣≈...♣♣♣♣..<♣♣♣♣..≈.
♣♣♣(≈≈≈.♣♣♣♣ ♣♣≈♣.♣♣≈PP≈§<≈.♣♣^.≈
≈....≈.♣♣ ♣♣♣♣f≈≈≈.§≈P≈≈≈≈≈♣♣.≈≈
♣≈...≈≈.♣ ♣♣P≈≈.≈≈≈≈≈P≈≈≈≈≈.≈..≈≈
♣♣♣.≈≈≈.♣ ♣..≈≈≈§≈..≈≈≈≈≈......≈≈
♣♣≈.≈≈≈P♣♣♣...≈§....§≈≈§≈..≈≈≈..≈
♣≈≈≈≈≈≈PP♣♣..≈♣♣≈..≈≈≈....≈≈≈≈≈.≈
♣♣≈≈≈≈≈PP≈≈.♣♣♣♣♣♣.≈≈.♣♣♣≈≈≈≈≈≈.≈
♣(.≈≈≈P♣♣≈..≈♣♣♣≈♣....≈♣♣.≈≈≈≈≈.
♣♣♣...PP.≈≈≈.≈≈...♣≈≈§..≈≈≈≈≈≈..


You could see a thorn hunter.

Vanquished Creatures
  Frances (Swamp:2)
  A fire dragon (Lair:8)
  Erolcha (D:11)
  11 hydras
  Erica (D:9)
  6 death yaks (Lair:8)
  6 alligators
  3 swamp dragons
  2 hill giants
  5 shambling mangroves
  A necromancer (IceCv)
  An orc sorcerer (Orc:1)
  A wolf spider (Lair:8)
  7 black mambas
  An oklob plant (Lair:5)
  18 elephants
  A guardian serpent (Lair:8)
  5 hornets
  A gargoyle (D:9)
  Psyche (D:10)
  A centaur skeleton (D:10)
  8 komodo dragons
  A fire drake (Lair:8)
  22 spiny frogs
  A spriggan druid (Lair:8)
  4 two-headed ogres
  3 giant leeches
  4 blink frogs (Lair:1)
  6 bog bodies
  2 polar bears
  6 slime creatures
  5 spriggans
  Sigmund (D:5)
  2 wraiths
  A shadow (D:11)
  7 basilisks
  A hungry ghost (D:11)
  3 wyverns
  4 steam dragons (Lair:8)
  35 yaks
  6 hippogriffs
  3 nagas (Lair:3)
  20 vampire mosquitoes
  3 wargs
  2 insubstantial wisps
  2 mottled dragons (Lair:8)
  12 swamp worms
  21 water moccasins
  3 spiders (Lair:8)
  3 orc warriors
  3 black bears
  2 soldier ants (Lair:7)
  2 sky beasts
  4 ogres
  2 eyes of draining
  9 porcupines
  A phantom (D:10)
  15 ice beasts
  19 wasps
  8 swamp drakes
  17 crocodiles
  11 centaurs
  16 giant frogs
  A brain worm (Lair:3)
  15 killer bees
  4 scorpions
  An electric eel (Lair:1)
  A centaur zombie (D:8)
  A hound (D:12)
  4 crimson imps
  A giant frog zombie (D:11)
  3 giant frog skeletons
  15 orc wizards
  2 jellies
  9 orc priests
  30 worker ants
  16 iguanas
  2 gnoll shamans
  7 hell rats (Lair:7)
  12 sheep
  A hound skeleton (D:4)
  A hound zombie (D:8)
  11 gnolls (D:6)
  26 adders
  2 shadow imps (D:9)
  91 river rats
  3 oozes
  2 adder skeletons (D:7)
  An adder zombie (D:8)
  2 worms
  6 giant geckos
  43 orcs
  2 giant cockroaches
  10 hobgoblins
  23 jackals
  4 quokkas
  10 bats
  A giant gecko skeleton (D:5)
  5 giant newts
  6 goblins
  A jackal skeleton (D:9)
  7 kobolds
  A quokka zombie (D:6)
  8 rats
  2 fulminant prisms (Lair:8)
  4 fungi (Lair:8)
  4 plants
776 creatures vanquished.

Vanquished Creatures (collateral kills)
  A queen ant (Lair:7)
  A shambling mangrove (Swamp:2)
  3 giant leeches
  2 blue devils (IceCv)
  4 yaks (Lair:3)
  A warg (D:10)
  A soldier ant (Lair:7)
  An ice beast (D:11)
  2 killer bees (D:9)
  An iguana (Lair:3)
  An orc wizard (D:10)
  An adder (D:9)
19 creatures vanquished.

Vanquished Creatures (others)
  A komodo dragon (Lair:8)
  A warg (D:10)
  A wasp (Swamp:4)
  A killer bee (D:9)
  A quokka (D:6)
  A bush (Lair:8)
  18 fulminant prisms
  48 fungi
  22 plants
94 creatures vanquished.

Grand Total: 889 creatures vanquished

Notes
Turn   | Place    | Note
--------------------------------------------------------------
     0 | D:1      | HEYYEYAAE the Vine Stalker Conjurer began the quest for the Orb.
     0 | D:1      | Reached XP level 1. HP: 9/9 MP: 4/4
   406 | D:1      | Reached XP level 2. HP: 14/14 MP: 1/6
   672 | D:1      | Reached skill level 1 in Armour
   856 | D:1      | Reached XP level 3. HP: 17/17 MP: 4/7
  1502 | D:2      | Reached skill level 1 in Fighting
  1502 | D:2      | Reached XP level 4. HP: 20/22 MP: 3/8
  2365 | D:3      | Reached XP level 5. HP: 22/25 MP: 0/10
  2379 | D:3      | Learned a level 3 spell: Dazzling Spray
  3258 | D:4      | Gained mutation: You heal very quickly. [Vine Stalker growth]
  3258 | D:4      | Reached XP level 6. HP: 27/30 MP: 1/12
  3489 | D:4      | Reached skill level 5 in Conjurations
  3547 | D:4      | Found a radiant altar of Vehumet.
  3592 | D:4      | Became a worshipper of Vehumet
  3719 | D:4      | Reached XP level 7. HP: 17/35 MP: 12/14
  3737 | D:4      | Learned a level 4 spell: Iskenderun's Mystic Blast
  3807 | D:4      | Reached skill level 1 in Evocations
  3906 | D:5      | Entered Level 5 of the Dungeon
  3910 | D:5      | Noticed Sigmund
  3924 | D:5      | Killed Sigmund
  4034 | D:5      | Found a burning altar of Makhleb.
  4206 | D:5      | Gained mutation: You have razor-sharp teeth. [Vine Stalker growth]
  4206 | D:5      | Reached XP level 8. HP: 38/40 MP: 15/15
  4829 | D:6      | Reached * piety under Vehumet
  4829 | D:6      | Offered knowledge of Shock by Vehumet.
  4884 | D:6      | Reached skill level 6 in Conjurations
  4968 | D:6      | Found a white marble altar of Elyvilon.
  5015 | D:6      | Reached skill level 5 in Spellcasting
  5462 | D:6      | Found a bloodstained altar of Trog.
  5574 | D:7      | Found a staircase to the Ecumenical Temple.
  5720 | D:7      | Noticed a hill giant
  5741 | D:7      | Killed a hill giant
  5741 | D:7      | Reached skill level 1 in Shields
  5741 | D:7      | Reached XP level 9. HP: 46/46 MP: 7/18
  6226 | D:8      | Reached skill level 7 in Conjurations
  6253 | D:8      | Reached ** piety under Vehumet
  6253 | D:8      | Offered knowledge of Throw Frost by Vehumet.
  6253 | D:8      | Reached skill level 5 in Fighting
  6387 | D:8      | Found Xuckeonn's General Store.
  6518 | D:8      | Found an ancient bone altar of Kikubaaqudgha.
  6757 | D:9      | Offered knowledge of Mephitic Cloud by Vehumet.
  6761 | D:9      | Reached XP level 10. HP: 51/51 MP: 12/20
  6779 | D:9      | Learned a level 3 spell: Mephitic Cloud
  6924 | D:9      | Found a blossoming altar of Fedhas.
  6926 | D:9      | Noticed a gargoyle
  6990 | D:9      | Killed a gargoyle
  7155 | D:9      | Reached skill level 8 in Conjurations
  7192 | D:9      | Noticed Erica
  7205 | D:9      | Killed Erica
  7205 | D:9      | Reached *** piety under Vehumet
  7356 | D:9      | Found a stormy altar of Qazlal.
  7367 | D:9      | Found a blossoming altar of Fedhas.
  7416 | D:9      | Found a shattered altar of Ashenzari.
  7511 | D:10     | Entered Level 10 of the Dungeon
  7511 | D:10     | Noticed Maud
  7986 | D:10     | Found a staircase to the Lair.
  8324 | D:10     | Noticed Psyche
  8348 | D:10     | Learned a level 5 spell: Iskenderun's Battlesphere
  8491 | D:10     | Offered knowledge of Throw Icicle by Vehumet.
  8513 | D:10     | Reached skill level 5 in Dodging
  8520 | D:10     | Reached XP level 11. HP: 56/58 MP: 23/23
  8824 | D:10     | Killed Psyche
  8824 | D:10     | Reached skill level 9 in Conjurations
  9040 | D:11     | Found a frozen archway.
  9179 | D:11     | Found a flickering gateway to a bazaar.
  9185 | Bazaar   | Entered a bazaar
  9188 | Bazaar   | Found Bonwamos's Weapon Shop.
  9203 | Bazaar   | Found Vesma's Distillery.
  9226 | Bazaar   | Found Buwim's Magic Scroll Shop.
  9226 | Bazaar   | Found Liorch's Food Boutique.
  9242 | Bazaar   | Bought a scroll of identify for 26 gold pieces
  9242 | Bazaar   | Bought a scroll of identify for 26 gold pieces
  9242 | Bazaar   | Bought a scroll of identify for 26 gold pieces
  9270 | Bazaar   | Bought a potion of haste for 120 gold pieces
  9270 | Bazaar   | Bought a potion of curing for 36 gold pieces
  9270 | Bazaar   | Bought a potion of curing for 36 gold pieces
  9270 | Bazaar   | Bought a potion of brilliance for 48 gold pieces
  9312 | IceCv    | Entered an ice cave
  9471 | IceCv    | Noticed a necromancer
  9481 | IceCv    | Killed a necromancer
  9497 | IceCv    | Got an ichor-stained ring mail
  9567 | D:11     | Reached **** piety under Vehumet
  9664 | D:11     | Offered knowledge of Bolt of Magma by Vehumet.
  9845 | D:11     | Noticed Erolcha
 10123 | D:11     | Noticed a five-headed hydra
 10202 | D:12     | Noticed a five-headed hydra
 10215 | D:12     | Noticed Uhlv's ghost (journeyman MiBe)
 10461 | D:11     | Learned a level 3 spell: Stone Arrow
 10487 | D:11     | Killed Erolcha
 10490 | D:11     | Noticed a hill giant
 10496 | D:11     | Killed a hill giant
 10532 | D:11     | Reached ***** piety under Vehumet
 10674 | D:11     | Found a staircase to the Orcish Mines.
 10681 | D:11     | Offered knowledge of Fireball by Vehumet.
 10699 | D:11     | Reached skill level 5 in Evocations
 10736 | D:11     | Gained mutation: You regenerate. [Vine Stalker growth]
 10736 | D:11     | Reached XP level 12. HP: 63/63 MP: 26/26
 10922 | D:11     | Killed a five-headed hydra
 10922 | D:11     | Reached skill level 5 in Armour
 10922 | D:11     | Reached skill level 10 in Conjurations
 11030 | Orc:1    | Entered Level 1 of the Orcish Mines
 11435 | Orc:1    | Found Foakha's Distillery.
 11438 | Orc:1    | Noticed Snorg
 11566 | Lair:1   | Entered Level 1 of the Lair of Beasts
 11615 | Lair:1   | Noticed an eight-headed hydra
 11737 | Lair:1   | Killed an eight-headed hydra
 12201 | Lair:3   | Found a staircase to the Snake Pit.
 12613 | Lair:3   | Noticed a seven-headed hydra
 12621 | Lair:3   | Killed a seven-headed hydra
 12719 | Lair:3   | Found a dark tunnel.
 12724 | Volcano  | Entered a volcano
 12970 | Lair:3   | Offered knowledge of Poisonous Cloud by Vehumet.
 13106 | Lair:3   | Reached skill level 10 in Spellcasting
 13240 | Lair:3   | Reached skill level 5 in Shields
 13395 | Lair:2   | Noticed an eight-headed hydra
 13433 | Lair:2   | Killed an eight-headed hydra
 13440 | Lair:2   | Reached XP level 13. HP: 57/69 MP: 12/28
 13537 | Lair:2   | Identified the cursed +1 ring mail of Hangman {rC+ rN+ Int-4} (You found it in an ice cave)
 13853 | Lair:2   | Reached skill level 11 in Conjurations
 15351 | Lair:5   | Found a staircase to the Swamp.
 15476 | Lair:5   | Offered knowledge of Orb of Destruction by Vehumet.
 15485 | Lair:5   | Learned a level 7 spell: Orb of Destruction
 15898 | Lair:6   | Got a slimy scale mail
 16066 | Lair:6   | Identified the cursed +1 scale mail of a bazaar {-Cast Regen+ Str+8} (You found it on level 6 of the Lair of Beasts)
 16088 | Lair:6   | Found a viscous altar of Jiyva.
 16088 | Lair:6   | Found a staircase to the Slime Pits.
 16957 | Lair:7   | You fall through a shaft!
 16957 | Lair:8   | Entered Level 8 of the Lair of Beasts
 17133 | Lair:8   | Offered knowledge of Lightning Bolt by Vehumet.
 17154 | Lair:8   | Learned a level 5 spell: Lightning Bolt
 17215 | Lair:8   | Reached XP level 14. HP: 57/76 MP: 6/30
 17839 | Lair:8   | Reached skill level 10 in Fighting
 17942 | Lair:7   | Learned a level 4 spell: Fulminant Prism
 18846 | Lair:8   | Reached skill level 12 in Conjurations
 19178 | Lair:8   | Offered knowledge of Bolt of Cold by Vehumet.
 20408 | Swamp:1  | Entered Level 1 of the Swamp
 20766 | Swamp:1  | Reached XP level 15. HP: 74/81 MP: 11/31
 22186 | Swamp:3  | Reached skill level 10 in Shields
 23432 | Swamp:2  | Paralysed by a wasp for 2 turns
 23811 | Swamp:2  | Noticed Frances
 23860 | Swamp:2  | Killed Frances
 23896 | Swamp:2  | Got a pair of ichor-stained gloves
 23907 | Swamp:2  | Identified the +1 pair of gloves of Impermeability {*Corrode Str-5 Int+6 Dex+4} (You found it on level 2 of the Swamp)
 24295 | Swamp:4  | Entered Level 4 of the Swamp
 24299 | Swamp:4  | Reached ****** piety under Vehumet
 24719 | Swamp:3  | Noticed a thorn hunter
 24912 | Swamp:3  | HP: 6/121 [thorn hunter (2)]
 24913 | Swamp:3  | Killed from afar by a thorn hunter

Action                   |  1- 3 |  4- 6 |  7- 9 | 10-12 | 13-15 || total
-------------------------+-------+-------+-------+-------+-------++-------
Melee: Unarmed           |    26 |    39 |       |       |       ||    65
       Trident           |       |    35 |   306 |   722 |   636 ||  1699
       Long sword        |       |       |       |       |   556 ||   556
       Staff             |       |       |       |       |     1 ||     1
 Cast: Magic Dart        |    60 |   155 |     7 |    70 |   130 ||   422
       Iskenderun's Myst |       |       |     8 |    64 |    29 ||   101
       Dazzling Spray    |       |       |     6 |     5 |    12 ||    23
       Mephitic Cloud    |       |       |       |    17 |       ||    17
       Iskenderun's Batt |       |       |       |    21 |    27 ||    48
       Stone Arrow       |       |       |       |    37 |   154 ||   191
       Lightning Bolt    |       |       |       |       |     7 ||     7
       Orb of Destructio |       |       |       |       |   130 ||   130
       Fulminant Prism   |       |       |       |       |    20 ||    20
Evoke: Wand              |       |    21 |     2 |    38 |    40 ||   101
       Fan of gales      |       |       |       |     2 |     4 ||     6
  Use: Scroll            |     2 |     7 |     3 |    20 |    35 ||    67
       Potion            |       |     2 |       |     2 |    15 ||    19
 Stab: Sleeping          |       |       |    10 |     7 |     6 ||    23
       Distracted        |       |       |     2 |     2 |     3 ||     7
       Invisible         |       |       |       |     3 |     1 ||     4
       Confused          |       |       |       |     2 |     2 ||     4
  Eat: Chunk             |     2 |     8 |    10 |    21 |    39 ||    80
       Pizza             |       |       |     1 |     3 |     1 ||     5
       Fruit             |       |       |       |    12 |    34 ||    46
       Beef jerky        |       |       |       |     1 |     5 ||     6
       Bread ration      |       |       |       |       |     6 ||     6
       Meat ration       |       |       |       |       |     3 ||     3
